 Dungeon Crawl Stone Soup version 0.26.1-11-gd32895ea62 (webtiles) character file.

Game seed: 15101414304751763916

258048 Bergy the Slayer (level 19, -5/127 HPs)
             Began as a Gargoyle Fighter on July 17, 2021.
             Was the Champion of Makhleb.
             Slain by a balrug
             ... wielding a +0 demon whip of venom
             ... summoned by the player character
              (10 damage)
             ... on level 3 of the Abyss.
             The game lasted 02:50:24 (35955 turns).

Bergy the Slayer (Gargoyle Fighter)                Turns: 35955, Time: 02:50:26

Health: -5/127     AC: 48    Str: 24 (26) XL:     19   Next: 86%
Magic:  0/19       EV:  8    Int: 11 (13) God:    Makhleb [******]
Gold:   1046       SH: 17    Dex: 17      Spells: 18/18 levels left

rFire    + . .     SeeInvis .   A - +6 flail "Zugoiher" {freeze, Int+4}
rCold    . . .     Faith    .   c - +2 kite shield
rNeg     + . .     Spirit   +   Z - +5 plate armour of Inaction {*Drain +Blink +Inv Stlth+}
rPois    ∞         Reflect  .   K - +2 helmet
rElec    +         Harm     .   D - +0 cloak
rCorr    .         Rampage  +   R - +1 pair of gloves
Will     +....                  w - +1 pair of boots {rampage}
Stlth    ..........             v - amulet of guardian spirit
HPRegen  0.31/turn              e - ring of protection from fire
MPRegen  0.16/turn              S - +6 ring of dexterity

@: liquid flames, flying, glowing
A: big wings, deterioration 1, frail 1, negative energy resistance 1,
electricity resistance, unbreathing, petrification resistance, no potion heal 1,
miasma immunity, AC +14
}: 2/15 runes: decaying, gossamer
a: Stop Flying, Renounce Religion, Evoke Blink, Evoke Invisibility, Minor
Destruction, Lesser Servant of Makhleb, Major Destruction, Greater Servant of
Makhleb


You were on level 3 of the Abyss.
You worshipped Makhleb.
Makhleb was exalted by your worship.
You visited 7 branches of the dungeon, and saw 32 of its levels.
You visited the Abyss 1 time.
You also visited: Sewer.

You collected 2872 gold pieces.
You spent 1826 gold pieces at shops.

Inventory:

Hand Weapons
 n - the +11 flail of Resumed Hostilities {protect, rElec rPois rC+ Dex-5}
   (You bought it in a shop on level 2 of the Orcish Mines)

   It grants its wielder temporary protection when it strikes (+7 to AC).
   It affects your dexterity (-5).
   It protects you from cold.
   It insulates you from electricity.
   It protects you from poison.
 A - the +6 flail "Zugoiher" (weapon) {freeze, Int+4}
   (You found it on level 9 of the Dungeon)

   It has been specially enchanted to freeze those struck by it, causing extra
   injury to most foes and up to half again as much damage against particularly
   susceptible opponents.
   It can also slow down cold-blooded creatures.
   It affects your intelligence (+4).
Armour
 c - a +2 kite shield (worn)
 w - a +1 pair of boots of rampaging (worn)
 D - a +0 cloak (worn)
 K - a +2 helmet (worn)
 L - the +5 chain mail "Coghom" {Str+8 Int-4 Slay+2}
   (You found it on level 3 of the Lair of Beasts)

   It affects your strength (+8).
   It affects your intelligence (-4).
   It affects your accuracy and damage with ranged weapons and melee attacks
   (+2).
 R - a +1 pair of gloves (worn)
 Z - the +5 plate armour of Inaction (worn) {*Drain +Blink +Inv Stlth+}
   (You bought it in a shop on level 2 of the Orcish Mines)

   It lets you turn invisible.
   It lets you blink.
   It causes draining when unequipped.
   It makes you more stealthy.
Jewellery
 e - a ring of protection from fire (left hand)
 t - an uncursed ring of positive energy
 v - an amulet of guardian spirit (around neck)
 x - an uncursed ring of resist corrosion
 S - a +6 ring of dexterity (right hand)
Wands
 d - a wand of disintegration (31)
 u - a wand of acid (8)
 E - a wand of digging (7)
Scrolls
 a - 8 scrolls of blinking
 f - 4 scrolls of magic mapping
 g - 6 scrolls of enchant weapon
 h - a scroll of acquirement
 j - 19 scrolls of teleportation
 k - 2 scrolls of identify
 p - 13 scrolls of remove curse
 y - 2 scrolls of holy word {unknown}
 F - 3 scrolls of noise {unknown}
 G - a scroll of fog
 J - 2 scrolls of fear
 M - 3 scrolls of summoning {unknown}
 U - 2 scrolls of amnesia
 W - 3 scrolls of silence {unknown}
 X - 3 scrolls of enchant armour
Potions
 b - 3 potions of mutation
 i - 8 potions of curing
 m - 2 potions of berserk rage {unknown}
 o - a potion of resistance {unknown}
 q - 9 potions of lignification
 z - 3 potions of haste
 B - 2 potions of might
 C - a potion of brilliance
 H - 3 potions of degeneration {unknown}
 I - 2 potions of magic
 Q - 5 potions of ambrosia
 T - 2 potions of invisibility
 Y - a potion of cancellation {unknown}
Miscellaneous
 O - a tin of tremorstones (2/2)
 P - a lightning rod (4/4)


   Skills:
 * Level 23.1 Fighting
 - Level 7.1 Long Blades
 - Level 14.1 Maces & Flails
 + Level 17.2 Armour
 - Level 15.6 Shields


You had 18 spell levels left.
You didn't know any spells.
Your spell library contained the following spells:

 Spells                   Type           Power        Failure   Level
 Animate Skeleton         Necr           0%           94%         1
 Apportation              Tloc           0%           94%         1
 Beastly Appendage        Tmut           0%           94%         1
 Corona                   Hex            0%           94%         1
 Magic Dart               Conj           0%           94%         1
 Pain                     Necr           0%           94%         1
 Summon Small Mammal      Summ           0%           94%         1
 Blink                    Tloc           N/A          98%         2
 Call Imp                 Summ           0%           98%         2
 Corpse Rot               Necr/Air       N/A          98%         2
 Searing Ray              Conj           0%           98%         2
 Slow                     Hex            0%           98%         2
 Wereblood                Tmut           0%           98%         2
 Call Canine Familiar     Summ           0%           100%        3
 Confusing Touch          Hex            0%           100%        3
 Conjure Flame            Conj/Fire      0%           100%        3
 Dazzling Flash           Conj/Hex       0%           100%        3
 Gell's Gravitas          Tloc           0%           100%        3
 Ignite Poison            Fire/Tmut/Pois 0%           100%        3
 Mephitic Cloud           Conj/Pois/Air  0%           100%        3
 Spider Form              Tmut/Pois      0%           100%        3
 Stone Arrow              Conj/Erth      0%           100%        3
 Summon Guardian Golem    Hex/Summ       0%           100%        3
 Dispel Undead            Necr           0%           100%        4
 Fulminant Prism          Conj/Hex       0%           100%        4
 Ice Form                 Ice/Tmut       0%           100%        4
 Iskenderun's Mystic Bla  Conj/Tloc      0%           100%        4
 Petrify                  Tmut/Erth      0%           100%        4
 Summon Ice Beast         Ice/Summ       0%           100%        4
 Summon Lightning Spire   Summ/Air       0%           100%        4
 Blade Hands              Tmut           0%           100%        5
 Borgnjor's Vile Clutch   Necr/Erth      0%           100%        5
 Fireball                 Conj/Fire      0%           100%        5
 Irradiate                Conj/Tmut      0%           100%        5
 Metabolic Englaciation   Hex/Ice        0%           100%        5
 Summon Forest            Summ/Tloc      0%           100%        5
 Yara's Violent Unravell  Hex/Tmut       0%           100%        5
 Eringya's Noxious Bog    Tmut/Pois      0%           100%        6
 Hydra Form               Tmut           0%           100%        6
 Starburst                Conj/Fire      0%           100%        6
 Dragon Form              Tmut           0%           100%        7
 Summon Hydra             Summ           0%           100%        7
 Ignition                 Fire           0%           100%        8
 Sublimation of Blood     Necr           Unusable     N/A         2
 Statue Form              Tmut/Erth      Unusable     N/A         6

Dungeon Overview and Level Annotations

Branches:
Dungeon (12/15)            Temple (1/1) D:7            Lair (6/6) D:9
  Swamp (4/4) Lair:2       Spider (4/4) Lair:2        Slime (0/5) Lair:6
    Orc (2/2) D:12            Elf (3/3) Orc:2         Sewer (visited)

Altars:
Ashenzari
Cheibriados
Dithmenos
Elyvilon
Fedhas
Gozag
Hepliaklqana
Kikubaaqudgha
Makhleb
Nemelex Xobeh
Okawaru
Qazlal
Ru
Sif Muna
Trog
Uskayaw
Vehumet
Wu Jian
Xom
Yredelemnul
Zin
The Shining One
Beogh

Shops:
Orc:2 (?:*[

Portals:
Pandemonium: Orc:2

Annotations:
D:2 Sigmund
D:8 2 transporters
Lair:4 exclusion: oklob plant
Swamp:4 1 runed translucent door, reggie's ghost, journeyman DrWz


Innate Abilities, Weirdness & Mutations

You are resistant to torment.
Your stone body is resilient. (AC +14)
You are immune to poison.
Your large and strong wings let you fly indefinitely.
You resist negative energy. (rN+)
You are resistant to electric shocks. (rElec)
You can survive without breathing.
You are immune to petrification.
You are immune to miasma.
Your body sometimes deteriorates upon taking damage.
You are frail. (-10% HP)
Potions are less effective at restoring your health.


Message History

You can move again.
You sock the draconian! You freeze the draconian.
The draconian is moderately wounded.
You are covered in liquid flames!
* * * LOW HITPOINT WARNING * * *
You block the starcursed mass's attack.
A cacophony of accursed wailing tears at your sanity!
* * * LOW HITPOINT WARNING * * *
You shrug off the repeated paralysis!
Blink to where?
Press: ? - help, Dir - move target, f - you
Okay, then.
You barely miss the draconian.
The draconian is moderately wounded.
You are covered in liquid flames!
* * * LOW HITPOINT WARNING * * *
The balrug hits you with a +0 demon whip of venom!
* * * LOW HITPOINT WARNING * * *
You are engulfed in flames!
You resist.
You die...

#... #..
#..d
#... #..
##X###
##.qd@##
#.XXX2X#
##.XXXX+
#...XXX#
#....4X#
##....##
######


You could see 12 starcursed masses, a yellow draconian stormcaller, a balrug
(summoned), a draconian, a thrashing horror and a chaos spawn.

Vanquished Creatures
  A bone dragon (Abyss:2)
  A deep elf blademaster (Elf:2)
  An Executioner (Abyss:2)
  A tentacled starspawn (Abyss:2)
  Gastronok (Lair:2)
  2 thorn hunters
  A fenstrider witch (Swamp:1)
  Roxanne (Swamp:3)
  3 ghost moths
  11 emperor scorpions
  A draconian stormcaller (Abyss:3)
  3 entropy weavers (Spider:3)
  A vampire knight (Swamp:4)
  6 bunyips
  2 deep elf death magi
  5 eleionomae
  3 shambling mangroves (Swamp:4)
  19 hydras
  2 boulder beetles
  Harold (D:11)
  A two-headed ogre (Orc:2)
  23 dancing weapons
  An alligator (shapeshifter) (Elf:3)
  11 alligators
  6 orc high priests
  A hell hog (Abyss:2)
  A queen ant (D:8)
  5 thrashing horrors (Abyss:2)
  A storm dragon zombie (Abyss:2)
  Nergalle (Lair:1)
  Sonja (D:11)
  12 deep elf knights
  2 wretched stars (Abyss:2)
  A spatial maelstrom (Abyss:2)
  3 sixfirhies (Abyss:2)
  3 torturous demonspawn (Orc:2)
  6 spriggan druids
  An unseen horror (D:11)
  5 goliath frogs
  8 swamp dragons
  A flayed ghost (Swamp:4)
  A shadow demon (Abyss:2)
  4 bog bodies
  A gelid demonspawn (Orc:2)
  5 spectral hydras
  6 deep elf archers
  Pikel (D:5)
  A lindwurm (Lair:6)
  A necromancer (Elf:1)
  12 orb spiders
  5 orc knights (Orc:2)
  3 oklob plants (Swamp:4)
  3 will-o-the-wisps
  23 wolf spiders
  A cyclops (Orc:2)
  8 orc sorcerers
  44 deep elf magi
  26 elephants
  2 moths of wrath
  Maurice (D:9)
  A centaur zombie (D:12)
  2 worldbinders (Abyss:2)
  5 black mambas
  An eye of devastation (Abyss:2)
  An eye of devastation (shapeshifter) (Elf:2)
  A torpor snail (Spider:3)
  3 smoke demons
  A shock serpent skeleton (Abyss:2)
  2 orange demons (Abyss:2)
  2 kobold demonologists (D:12)
  A gargoyle (D:12)
  27 cane toads
  A rime drake (Lair:3)
  2 freezing wraiths
  3 efreet (Abyss:2)
  12 komodo dragons
  A hellwing (Orc:2)
  3 hydra zombies (Swamp:4)
  15 demonic crawlers
  2 trolls
  2 ancient zymes (Abyss:2)
  A polar bear (Lair:3)
  A red devil (Orc:2)
  3 meliai (Spider:3)
  26 jumping spiders
  15 hornets
  2 hydra skeletons (Swamp:4)
  12 tyrant leeches
  12 raiju (Abyss:2)
  14 blink frogs
  2 death drake skeletons (Swamp:4)
  8 large abominations
  15 spriggans
  83 redbacks
  3 ynoxinuls (Abyss:2)
  3 water elementals
  19 tarantellas
  A vampire (D:11)
  2 air elementals
  A fire elemental (Elf:2)
  7 wyverns
  28 yaks
  4 fire bats (Abyss:2)
  Eustachio (D:5)
  Grum (Lair:1)
  3 basilisks
  A steam dragon (Lair:3)
  2 chaos spawn (Abyss:2)
  4 neqoxecs (Abyss:2)
  12 vampire mosquitoes
  10 swamp worms
  20 soldier ants
  4 wargs
  Menkaure (D:4)
  17 water moccasins
  2 sky beasts
  3 phantoms
  4 swamp drakes
  A black bear (Lair:2)
  2 ice beasts
  31 orc warriors
  3 necrophages
  2 swamp dragon zombies (Swamp:4)
  13 ogres
  21 wolves
  A swamp dragon skeleton (Swamp:4)
  9 centaurs
  6 big kobolds
  Blork the orc (D:4)
  6 elf zombies (Elf:1)
  31 bullfrogs
  6 small abominations (Abyss:2)
  A wyvern zombie (D:10)
  An earth elemental (Elf:3)
  3 scorpions
  3 killer bees (D:9)
  4 wights (D:12)
  2 electric eels
  6 howler monkeys
  2 bullfrog zombies
  3 quasits
  2 bullfrog skeletons
  5 centaur skeletons
  4 hounds
  A gnoll shaman (D:7)
  25 orc priests
  8 jellies
  Jessica (D:2)
  2 iguanas (Lair:2)
  34 worker ants
  6 hell rats (Lair:5)
  19 orc wizards
  A hound zombie (D:8)
  A hound skeleton (D:9)
  2 worker ant zombies (D:5)
  13 adders
  7 gnolls
  A river rat (D:5)
  2 shadow imps
  4 white imps
  4 ufetubi
  2 oozes
  2 adder skeletons (D:7)
  3 worms
  3 leopard geckos
  88 orcs
  9 giant cockroaches
  7 goblins
  8 hobgoblins
  10 jackals
  12 quokkas
  2 ball pythons (D:5)
  7 bats
  7 frilled lizards
  A jackal zombie (D:7)
  21 kobolds
  A quokka skeleton (D:7)
  12 rats
  A briar patch (Swamp:4)
  A butterfly (Lair:2)
  2 starspawn tentacles (Abyss:2)
1242 creatures vanquished.

Vanquished Creatures (collateral kills)
  A swamp dragon (Swamp:4)
  An orc priest (Orc:2)
2 creatures vanquished.

Vanquished Creatures (others)
  A vampire knight (Swamp:4)
  2 deep elf knights
  A deep elf mage (Elf:2)
  3 bloated husks
  2 redbacks (Spider:4)
  A tarantella (Spider:4)
  A hydra simulacrum (Swamp:4)
  A water moccasin (Lair:6)
  An orc warrior (Orc:2)
  18 foxfires
  25 fungi
  91 plants
  3 starspawn tentacles (Abyss:2)
150 creatures vanquished.

Grand Total: 1394 creatures vanquished

Notes
Turn   | Place    | Note
-------+----------+-------------------------------------------
     0 | D:1      | Bergy the Gargoyle Fighter began the quest for the Orb.
     0 | D:1      | Reached XP level 1. HP: 14/14 MP: 1/1
   122 | D:1      | Reached XP level 2. HP: 18/19 MP: 2/2
   449 | D:1      | Reached XP level 3. HP: 16/23 MP: 3/3
   958 | D:2      | Noticed Jessica
   965 | D:2      | Killed Jessica
   966 | D:2      | Reached XP level 4. HP: 28/28 MP: 4/4
  1096 | D:2      | Noticed Sigmund
  1274 | D:3      | Found a bloodstained altar of Trog.
  1983 | D:4      | Reached skill level 5 in Maces & Flails
  1983 | D:4      | Reached XP level 5. HP: 32/32 MP: 5/5
  2024 | D:4      | Noticed Blork the orc
  2042 | D:4      | Killed Blork the orc
  2353 | D:4      | Noticed an ogre
  2375 | D:4      | Killed an ogre
  2376 | D:4      | Reached XP level 6. HP: 19/37 MP: 6/6
  2762 | D:4      | Noticed Menkaure
  2772 | D:4      | Killed Menkaure
  2773 | D:4      | Reached XP level 7. HP: 12/41 MP: 7/7
  3389 | D:5      | Entered Level 5 of the Dungeon
  3498 | D:5      | Reached XP level 8. HP: 39/46 MP: 8/8
  3679 | D:5      | Found a glowing drain.
  3736 | Sewer    | Entered a sewer
  4028 | Sewer    | Found a glowing silver altar of Zin.
  4241 | D:5      | Noticed Pikel
  4288 | D:5      | Killed Pikel
  4289 | D:5      | Reached skill level 10 in Maces & Flails
  4633 | D:5      | Noticed Eustachio
  4676 | D:5      | Killed Eustachio
  4677 | D:5      | Reached XP level 9. HP: 41/51 MP: 9/9
  4683 | D:5      | Found an iron altar of Okawaru.
  5952 | D:6      | Reached skill level 4 in Fighting
  6445 | D:6      | Reached skill level 5 in Shields
  6508 | D:7      | Found a white marble altar of Elyvilon.
  6636 | D:7      | Found a staircase to the Ecumenical Temple.
  6666 | Temple   | Entered the Ecumenical Temple
  6722 | Temple   | Became a worshipper of Makhleb the Destroyer
  7178 | D:7      | Reached skill level 5 in Fighting
  7527 | D:7      | Reached XP level 10. HP: 60/60 MP: 10/10
  7613 | D:7      | Reached * piety under Makhleb
  7746 | D:8      | Reached skill level 6 in Fighting
  8226 | D:8      | Reached skill level 7 in Fighting
  8459 | D:8      | Noticed a queen ant
  8533 | D:8      | Killed a queen ant
  8534 | D:8      | Reached skill level 8 in Fighting
  8821 | D:8      | Reached skill level 9 in Fighting
  8944 | D:8      | Reached ** piety under Makhleb
  8945 | D:8      | Reached XP level 11. HP: 71/71 MP: 11/11
  9117 | D:8      | Found a transporter.
  9143 | D:8      | Found a transporter.
  9769 | D:9      | Found a staircase to the Lair.
  9774 | D:9      | Got a masterwork flail
  9775 | D:9      | Identified the +6 flail "Zugoiher" {freeze, Int+4} (You
                  | found it on level 9 of the Dungeon)
  9934 | D:9      | Reached skill level 10 in Shields
  9995 | D:9      | Reached skill level 10 in Fighting
 10161 | D:9      | Noticed Maurice
 10189 | D:9      | Killed Maurice
 10294 | Lair:1   | Entered Level 1 of the Lair of Beasts
 10327 | Lair:1   | Noticed an eight-headed hydra
 10339 | Lair:1   | Killed an eight-headed hydra
 10574 | Lair:1   | Noticed a four-headed hydra
 10586 | Lair:1   | Killed a four-headed hydra
 10654 | Lair:1   | Reached *** piety under Makhleb
 10803 | Lair:1   | Noticed Nergalle
 10836 | Lair:1   | Killed Nergalle
 11083 | Lair:1   | Reached XP level 12. HP: 69/79 MP: 7/12
 11161 | Lair:1   | Noticed Grum
 11183 | Lair:1   | Killed Grum
 11232 | Lair:1   | Noticed a six-headed hydra
 11248 | Lair:1   | Killed a six-headed hydra
 11871 | Lair:1   | Reached skill level 11 in Fighting
 12531 | Lair:2   | Found a transporter.
 12537 | Lair:2   | Noticed a boulder beetle
 12538 | Lair:2   | Found a transporter.
 12824 | Lair:2   | Found a hole to the Spider Nest.
 12995 | Lair:2   | Noticed Gastronok
 13011 | Lair:2   | Killed Gastronok
 13012 | Lair:2   | Reached skill level 12 in Fighting
 13180 | Lair:2   | Noticed a five-headed hydra
 13195 | Lair:2   | Killed a five-headed hydra
 13205 | Lair:2   | Noticed a seven-headed hydra
 13215 | Lair:2   | Killed a seven-headed hydra
 13215 | Lair:2   | Reached **** piety under Makhleb
 13274 | Lair:2   | Found a staircase to the Swamp.
 13573 | Lair:2   | Reached XP level 13. HP: 87/87 MP: 13/13
 14081 | Lair:3   | Got an ancient gossamer ring
 14357 | Lair:3   | Got a slimy leather armour
 14360 | Lair:3   | Identified the cursed +0 leather armour of Humuneasm {rN++}
                  | (You found it on level 3 of the Lair of Beasts)
 14467 | Lair:3   | Reached skill level 13 in Fighting
 14474 | Lair:3   | Got a masterwork chain mail
 14475 | Lair:3   | Identified the +5 chain mail "Coghom" {Str+8 Int-4 Slay+2}
                  | (You found it on level 3 of the Lair of Beasts)
 14488 | Lair:3   | Identified the ring "Otsetos" {*Drain rPois Will+ Str-3
                  | Int+4} (You found it on level 3 of the Lair of Beasts)
 14930 | Lair:4   | Got an encrusted long sword
 15913 | Lair:5   | Reached ***** piety under Makhleb
 16239 | Lair:5   | Reached skill level 15 in Shields
 16678 | Lair:6   | Entered Level 6 of the Lair of Beasts
 16683 | Lair:6   | Gained mutation: Your large and strong wings let you fly
                  | indefinitely. [Gargoyle growth]
 16683 | Lair:6   | Reached XP level 14. HP: 95/95 MP: 14/14
 16751 | Lair:6   | Reached skill level 14 in Fighting
 16941 | Lair:6   | Reached skill level 5 in Armour
 17255 | Lair:6   | Reached skill level 15 in Fighting
 17429 | Lair:6   | Reached ****** piety under Makhleb
 17669 | Lair:6   | Identified the cursed +2 long sword "Jellyslayer" {protect,
                  | Will+ Dex+4} (You found it on level 4 of the Lair of
                  | Beasts)
 17853 | Lair:6   | Found a staircase to the Slime Pits.
 18023 | Swamp:1  | Entered Level 1 of the Swamp
 18023 | Swamp:1  | Noticed a thorn hunter
 18050 | Lair:2   | Killed a thorn hunter
 18446 | Swamp:1  | Reached skill level 16 in Fighting
 18767 | Swamp:1  | Reached XP level 15. HP: 104/104 MP: 11/15
 19083 | Swamp:2  | Noticed a fenstrider witch
 19083 | Swamp:2  | Paralysed by a fenstrider witch for 5 turns
 19101 | Swamp:1  | Killed a fenstrider witch
 19345 | Swamp:2  | Reached skill level 10 in Armour
 20174 | Swamp:3  | Reached skill level 17 in Fighting
 20481 | Swamp:3  | Noticed Roxanne
 20511 | Swamp:3  | Killed Roxanne
 20703 | Swamp:4  | Entered Level 4 of the Swamp
 21019 | Swamp:3  | Reached XP level 16. HP: 67/113 MP: 6/16
 21363 | Swamp:4  | Reached skill level 18 in Fighting
 21968 | Swamp:4  | Noticed a thorn hunter
 22035 | Swamp:4  | Killed a thorn hunter
 22290 | Swamp:4  | Found a basalt altar of Yredelemnul.
 22304 | Swamp:4  | Got a decaying rune of Zot
 22327 | Swamp:4  | Found a blossoming altar of Fedhas.
 22727 | Swamp:4  | Found a runed translucent door.
 22728 | Swamp:4  | Found a shimmering altar of Xom.
 22729 | Swamp:4  | Noticed reggie's ghost (journeyman DrWz)
 23101 | Spider:1 | Entered Level 1 of the Spider Nest
 23780 | Spider:2 | Reached skill level 19 in Fighting
 23822 | Spider:2 | Reached XP level 17. HP: 122/122 MP: 17/17
 24574 | Spider:3 | Reached skill level 15 in Armour
 25547 | Spider:4 | Entered Level 4 of the Spider Nest
 25564 | Spider:3 | Reached skill level 20 in Fighting
 26858 | Spider:4 | Reached XP level 18. HP: 120/131 MP: 16/18
 26945 | Spider:4 | Got a gossamer rune of Zot
 27452 | D:10     | Entered Level 10 of the Dungeon
 27519 | D:10     | You are sucked into a shaft and drop 1 floor!
 27689 | D:11     | Noticed Sonja
 27713 | D:11     | Killed Sonja
 27856 | D:11     | Noticed Harold
 27866 | D:11     | Killed Harold
 28539 | D:12     | Found a roughly hewn altar of Beogh.
 28539 | D:12     | Found a staircase to the Orcish Mines.
 29082 | Orc:1    | Entered Level 1 of the Orcish Mines
 29296 | Orc:1    | Paralysed by an orc sorcerer for 2 turns
 29299 | Orc:1    | Reached skill level 21 in Fighting
 29564 | Orc:2    | Entered Level 2 of the Orcish Mines
 29564 | Orc:2    | Found a staircase to the Elven Halls.
 30031 | Orc:2    | Found Siosacus's Armour Boutique.
 30084 | Orc:2    | Bought the +5 plate armour of Inaction {*Drain +Blink +Inv
                  | Stlth+} for 860 gold pieces
 30306 | Orc:2    | Found Zokhlu's General Store.
 30307 | Orc:2    | Found Ubociem's Magic Scroll Emporium.
 30538 | Orc:2    | Bought a scroll of acquirement for 728 gold pieces
 31024 | Orc:2    | Found Tegue's Book Shop.
 31024 | Orc:2    | Found Loxyoneyra's Antique Weapon Boutique.
 31025 | Orc:2    | Found a one-way gate leading to the halls of Pandemonium.
 31031 | Orc:2    | Reached skill level 1 in Long Blades
 31039 | Orc:2    | Bought an ancient flail for 238 gold pieces
 31039 | Orc:2    | Identified the +11 flail of Resumed Hostilities {protect,
                  | rElec rPois rC+ Dex-5} (You bought it in a shop on level 2
                  | of the Orcish Mines)
 31385 | Elf:1    | Entered Level 1 of the Elven Halls
 31997 | Elf:1    | Reached skill level 5 in Long Blades
 32248 | Elf:1    | Identified Sarr's Reference Book on Sinister Magic
 32438 | Elf:2    | Found a runed translucent gate.
 32438 | Elf:2    | Found a runed translucent gate.
 32438 | Elf:2    | Found a runed translucent gate.
 32677 | Elf:2    | Reached XP level 19. HP: 128/138 MP: 16/19
 33528 | Elf:2    | Reached skill level 22 in Fighting
 34039 | Elf:3    | Entered Level 3 of the Elven Halls
 34950 | Elf:3    | Cast into level 2 of the Abyss (a deep elf demonologist)
 34957 | Abyss:2  | Found a roughly hewn altar of Beogh.
 35492 | Abyss:2  | Gained mutation: Potions are less effective at restoring
                  | your health. [a neqoxec]
 35495 | Abyss:2  | Gained mutation: Your body sometimes deteriorates upon
                  | taking damage. [a neqoxec]
 35683 | Abyss:2  | Gained mutation: You are extremely frail. (-30% HP) [a
                  | neqoxec]
 35891 | Abyss:2  | Reached skill level 23 in Fighting
 35909 | Abyss:2  | Noticed a bone dragon
 35929 | Abyss:2  | Killed a bone dragon
 35951 | Abyss:3  | Paralysed by accursed screaming for 2 turns
 35955 | Abyss:3  | HP: 5/127 [balrug/+0 demon whip of venom[the player
                  | character] (8)]
 35955 | Abyss:3  | Slain by a balrug

Illustrated notes

Levels and vault maps discovered:
D:1:      psy_arrival_basics, layout_basic, serial_bayou_pond_b,
          solitary_fountain, grunt_decor_mini_mirrors, dk_noncrumbling_4
D:2:      layout_basic, uniq_jessica, uniq_robin, uniq_sigmund
D:3:      layout_loops_ring, trog_butcher_becter
D:4:      layout_loops_cross, uniq_blork_the_orc, uniq_menkaure
D:5:      layout_cave_pools, okawaru_altar_gauntlet_db, portal_sewer_entry_b,
          uniq_eustachio, uniq_pikel
D:6:      layout_loops_ring
D:7:      layout_loops_ring, elyvilon_altar_5, minmay_temple_entry_glass
D:8:      gammafunk_wand_slinger, layout_basic, minivault_29
D:9:      layout_basic, lair_entry_dummy, uniq_maurice
D:10:     cheibrodos_statue_roulette, layout_basic, uniq_erolcha
D:11:     layout_loops_ring, uniq_harold, uniq_sonja
D:12:     layout_roguey, david_orc_5
Temple:   regret_index_temple_chain_breaker
Lair:1:   layout_cave_pods, uniq_nergalle, uniq_grum
Lair:2:   gammafunk_boulding_lane, layout_misc_corridors,
          palyth_hydra_swamp_entry, spider_nest_entry_rubble,
          grunt_megastairs_3, lemuel_fruit_fields, uniq_gastronok
Lair:3:   layout_regular_city
Lair:4:   layout_misc_corridors, beast_lair_carwin_4
Lair:5:   layout_cave_pods
Lair:6:   minmay_lair_end_frog_pond, layout_cave_shapes, dpeg_slime_entry_corner
Swamp:1:  layout_basic_swamp, evilmike_swamp_ruin_house_2
Swamp:2:  layout_falls_marsh, hangedman_swamp_ruin_wall, swamp_pool1,
          st_swamp_mini
Swamp:3:  layout_basic_swamp, evilmike_swamp_ruin_house_4, swamp_pool2,
          uniq_roxanne
Swamp:4:  byrel_swamp_growth_death_and_undeath, layout_basic_swamp,
          ebering_ghost_xom, swamp_pool1
Spider:1: layout_spider_delve
Spider:2: layout_spider_delve, nicolae_crawler_farm
Spider:3: layout_spider_delve, nicolae_spider_circle_web,
          nicolae_spider_cling_ruins
Spider:4: grunt_spider_rune_circles
Orc:1:    layout_diamond_mine, basic_altar
Orc:2:    pf_orc_diabolical, layout_caves, serial_shops, shop
Elf:1:    minmay_elf_arrival_summoners, layout_rooms, minmay_elf_necromancy
Elf:2:    layout_geoelf_grid
Elf:3:    elf_hall_gauntlet_narrow, layout_geoelf_grid
Abyss:3:  base: D:6, gammafunk_abyss_rune_reverse_zot, evilmike_abyss_exit_8

Skill      XL: |  1  2  3  4  5  6  7  8  9 10 11 12 13 14 15 16 17 18 19 |
---------------+----------------------------------------------------------+-----
Maces & Flails | 3 4 5 6 7 9 11 12 13 14 | 14.1
Shields        | 6 9 10 12 15 | 15.6
Fighting       | 5 9 10 12 13 16 17 19 20 21 23 | 23.1
Armour         | 8 12 14 16 17 | 17.2
Long Blades    | 7 |  7.1

Action                   |  1- 3 |  4- 6 |  7- 9 | 10-12 | 13-15 | 16-18 | 19-21 || total
-------------------------+-------+-------+-------+-------+-------+-------+-------++-------
Melee: Flail             |   150 |   171 |   228 |   343 |  1158 |  2256 |   801 ||  5107
       Whip              |       |       |   385 |   612 |       |       |       ||   997
Invok: Lesser Servant of |       |       |       |       |     1 |     3 |       ||     4
       Greater Servant o |       |       |       |       |       |       |     1 ||     1
 Abil: Fly               |       |       |       |       |     1 |       |       ||     1
       Evoke Invisibilit |       |       |       |       |       |     1 |       ||     1
  Use: Potion            |       |     2 |     3 |     3 |     4 |     2 |       ||    14
       Scroll            |       |       |     4 |    12 |    12 |    12 |       ||    40
 Stab: Confused          |       |       |       |       |     1 |       |       ||     1
       Distracted        |       |       |       |       |       |     1 |       ||     1
Armor: Scale mail        |    92 |    60 |   226 |   209 |    50 |       |       ||   637
       Chain mail        |       |       |       |       |   641 |  1261 |       ||  1902
       Plate armour      |       |       |       |       |       |   283 |   448 ||   731
Dodge: Dodged            |    57 |    57 |   133 |   162 |   313 |   583 |   175 ||  1480
Block: Kite shield       |    99 |    87 |   215 |   312 |   846 |  1899 |   524 ||  3982
